 Dungeon Crawl Stone Soup version 0.28.0-43-g3370ac3207 (webtiles) character file.

Game seed: 11829327793370712845

314 Descartes the Sneak (level 6, -8/28 HPs)
             Began as a Felid Wanderer on Mar 25, 2022.
             Mangled by an iguana (12 damage)
             ... on level 4 of the Dungeon.
             The game lasted 00:14:33 (6914 turns).

Descartes the Sneak (Felid Wanderer)                Turns: 6914, Time: 00:14:33

Health: -8/28      AC:  2    Str: 13    XL:     6   Next: 19%
Magic:  10/10      EV: 18    Int: 14    God:
Gold:   116        SH:  0    Dex: 12    Spells: 8/9 levels left
                                        Lives:  0   Deaths: 1

rFire   . . .      SeeInvis +     - Unarmed
rCold   . . .      Faith    .   (shield unavailable)
rNeg    . . .      Spirit   .   (armour unavailable)
rPois   .          Reflect  .   (helmet unavailable)
rElec   .          Harm     .   (cloak unavailable)
rCorr   .          Rampage  .   (gloves unavailable)
Will    .....                   (boots unavailable)
Stlth   +++.......              (no amulet)
HPRegen 0.09/turn               (no ring)
MPRegen 0.12/turn               (no ring)

@: quick
A: very small, claws 1, fangs 3, see invisible, speed 1, shaggy fur 2, stealthy
paws, no weapons or thrown items, no armour, multi-lived
a: no special abilities


You were on level 4 of the Dungeon.
You visited 1 branch of the dungeon, and saw 4 of its levels.

You collected 116 gold pieces.

Inventory:

Wands
 o - a wand of mindburst (12)
 s - a wand of digging (5)
Scrolls
 a - a scroll of blinking
 d - 3 scrolls of amnesia {unknown}
 h - a scroll of holy word {unknown}
 j - a scroll of identify {unknown}
 l - a scroll of fear {unknown}
 n - a scroll of enchant weapon {unknown}
 p - a scroll of immolation {unknown}
 t - a scroll of summoning {unknown}
Potions
 b - 2 potions of invisibility
 c - 4 potions of attraction
 e - a potion of heal wounds {unknown}
 f - 3 potions of flight {unknown}
 g - a potion of lignification {unknown}
 i - a potion of mutation {unknown}
 k - 3 potions of degeneration {unknown}
 m - a potion of berserk rage {unknown}
 q - a potion of curing {unknown}
 r - a potion of haste {unknown}


   Skills:
 - Level 3.0 Fighting
 + Level 5.1 Dodging
 + Level 5.5 Stealth
 + Level 5.0 Unarmed Combat
 - Level 2.0 Spellcasting
 - Level 3.0 Earth Magic


You had 8 spell levels left.
You knew the following spells:

 Your Spells              Type           Power      Damage    Failure   Level
a - Sandblast             Erth           18%        2d7       7%          1

Your spell library contained the following spells:

 Spells                   Type           Power      Damage    Failure   Level
 Stone Arrow              Conj/Erth      10%        3d7       36%         3


Dungeon Overview and Level Annotations

Branches:
Dungeon (4/15)
 Temple: D:4-7

Altars:
Cheibriados

Shops:
D:2 ![


Innate Abilities, Weirdness & Mutations

You have sharp claws.
You have razor-sharp teeth.
You have supernaturally acute eyesight. (SInv)
You cover ground quickly. (Speed+)
You are covered in thick fur. (AC +2)
Your paws help you pounce on unaware monsters.
You are incapable of wielding weapons or throwing items.
You cannot wear armour.
You gain extra lives every three experience levels.


Message History

There is an open door here.
Things that are here:
a +0 whip; a +0 ring mail You see here the felid skeleton of Descartes.
No target in view!
No target in view!
No target in view!
No target in view!
Things that are here:
a +0 dagger; a +0 robe The iguana hisses angrily.
The iguana bites you!
Ouch! That really hurt!
You are too injured to fight recklessly!
You are too injured to fight recklessly!
You are too injured to fight recklessly!
You are too injured to fight recklessly!
You are too injured to fight recklessly!
You are too injured to fight recklessly!
You are too injured to fight recklessly!
You are too injured to fight recklessly!
You are too injured to fight recklessly!
You are too injured to fight recklessly!
You are too injured to fight recklessly!
You are too injured to fight recklessly!
You are too injured to fight recklessly!
You are too injured to fight recklessly!
You are too injured to fight recklessly!
You are too injured to fight recklessly!
You closely miss the iguana. Your bite misses the iguana.
The iguana misses you.
You completely miss the iguana. The iguana misses you.
You scratch the iguana.
The iguana is moderately wounded.
The iguana bites you!
* * * LOW HITPOINT WARNING * * *
You barely miss the iguana. Your claw misses the iguana.
The iguana is moderately wounded.
The iguana bites you!
You die...

.###..########.####....
###################...##.####....
#......#....#....#....<....#.....
#......#....#....#.........#.....
#......#)...#....#.........#.....
#......#....#....#.........#.....
#......#....#....#.........#.....
#......#....#....#.........##....
#......#....'..l@#.>.......##....
#..)..##...##...###...##...##....
###'####...##...###...##...##....
#...........................#....
#.................รท.........#....
#................)......)...'....
#.....##...####..####.##....#...#
#.....###### #### #############
#.....# #


You could see an iguana.

Vanquished Creatures
  A water moccasin (D:3)
  A scorpion (D:4)
  A hound (D:4)
  2 orc wizards (D:4)
  Robin (D:2)
  8 adders
  9 gnolls
  3 worms
  2 dart slugs
  6 orcs (D:4)
  7 endoplasms
  5 giant cockroaches
  18 goblins
  14 hobgoblins
  6 kobolds
  7 quokkas
  9 ball pythons
  6 bats
  7 frilled lizards
  6 rats
119 creatures vanquished.

Vanquished Creatures (others)
  2 plants (D:1)
2 creatures vanquished.

Grand Total: 121 creatures vanquished

Notes
Turn   | Place    | Note
-------+----------+-------------------------------------------
     0 | D:1      | Descartes the Felid Wanderer began the quest for the Orb.
     0 | D:1      | Descartes set off with the following items: a scroll of
                  | blinking, a potion of invisibility, a potion of attraction;
                  | and the following spell memorised: Sandblast; and the
                  | following spells available to memorise: Stone Arrow
     0 | D:1      | Reached XP level 1. HP: 10/10 MP: 4/4
   362 | D:1      | Reached skill level 1 in Dodging
   362 | D:1      | Reached skill level 1 in Stealth
   429 | D:1      | Reached XP level 2. HP: 14/14 MP: 6/6
  1104 | D:1      | Reached XP level 3. HP: 1/17 MP: 7/7
  2585 | D:2      | Noticed Robin
  2594 | D:1      | Reached XP level 4. HP: 19/21 MP: 6/8
  2674 | D:2      | Found Uliyrghe's Armour Emporium.
  3224 | D:2      | Found Dur Verr's Distillery.
  3641 | D:2      | Found Uliyrghe's Armour Emporium.
  3760 | D:2      | Reached XP level 5. HP: 19/24 MP: 0/9
  3863 | D:2      | Found Dur Verr's Distillery.
  3893 | D:2      | Killed Robin
  4445 | D:3      | Noticed a water moccasin
  4478 | D:3      | Killed a water moccasin
  4479 | D:3      | Gained mutation: You are covered in thick fur. (AC +2)
                  | [Felid growth]
  4479 | D:3      | Reached XP level 6. HP: 20/28 MP: 10/10
  4504 | D:3      | You fall into a shaft and drop 1 floor!
  6059 | D:4      | Reached skill level 5 in Stealth
  6584 | D:4      | Slain by an iguana
  6585 | D:4      | Reached XP level 5. HP: -1/24 MP: 8/9
  6629 | D:4      | Reached skill level 5 in Dodging
  6629 | D:4      | Reached XP level 6. HP: 26/28 MP: 7/10
  6719 | D:4      | Reached skill level 5 in Unarmed Combat
  6864 | D:4      | Found a snail-covered altar of Cheibriados.
  6914 | D:4      | Mangled by an iguana

Illustrated notes

Levels and vault maps discovered:
D:1:      minmay_arrival_stair_chambers, layout_loops_ring, glass_columns_a,
          serial_bayou_pond_a
D:2:      wad_river_or_something, layout_basic, serial_shops,
          nicolae_diamond_shop, nicolae_square_shop, minmay_pentomino_x2,
          uniq_robin
D:3:      layout_basic
D:4:      layout_gridville, old_standard_altar, minmay_misc_feat_plants,
          kennysheep_generic_room_12, uniq_sigmund

Skill      XL: |  1  2  3  4  5  6 |
---------------+-------------------+-----
Dodging        | 1 2 3 5 |  5.1
Stealth        | 1 2 3 4 5 |  5.5
Earth Magic    | 2 3 |  3.0
Unarmed Combat | 4 5 |  5.0
Fighting       | |  3.0
Spellcasting   | |  2.0

Action                   |  1- 3 |  4- 6 || total
-------------------------+-------+-------++-------
Melee: Unarmed           |    85 |   102 ||   187
       Bite              |     8 |     5 ||    13
       Punch             |     2 |     3 ||     5
 Cast: Sandblast         |    18 |   127 ||   145
  Use: Potion            |       |     1 ||     1
 Stab: Sleeping          |     4 |     4 ||     8
       Invisible         |       |     3 ||     3
Armor: Skin              |     8 |     7 ||    15
Dodge: Dodged            |    51 |   102 ||   153
